 Dungeon Crawl Stone Soup version 0.25-a0-413-g3b4b6a4ccc (webtiles) character file.

Game seed: 16686696904578542273, levelgen mode: deterministic

100 Ender the Insei (level 4, -9/35 HPs)
             Began as a Demigod Transmuter on Jan 16, 2020.
             Killed by divine providence
             ... invoked by an orc priest
              (12 damage)
             ... on level 3 of the Dungeon.
             The game lasted 00:36:12 (2990 turns).

Ender the Insei (Demigod Transmuter)                Turns: 2990, Time: 00:36:13

Health: -9/35      AC:  3    Str: 15    XL:     4   Next: 23%
Magic:  2/9        EV: 13    Int: 17    God:
Gold:   123        SH:  4    Dex: 16    Spells: 1/7 levels left

rFire    . . .     SeeInvis .     - Unarmed
rCold    . . .     Gourm    .   (no shield)
rNeg     . . .     Faith    .   l - +1 robe
rPois    .         Spirit   .   (no helmet)
rElec    .         Reflect  +   (no cloak)
rCorr    .         Harm     .   (no gloves)
MR       .....                  (no boots)
Stlth    ++........             c - +4 amulet of reflection
HPRegen  0.11/turn              (no ring)
MPRegen  0.11/turn              (no ring)

@: about to teleport
A: high mp 1
a: no special abilities


You were on level 3 of the Dungeon.
You were not hungry.

You visited 1 branch of the dungeon, and saw 3 of its levels.

You collected 123 gold pieces.

Inventory:

Hand Weapons
 f - a +1 spear
 u - a +0 club
Missiles
 a - 28 arrows
 g - 63 stones (quivered)
 n - 8 bolts
Armour
 b - a +0 robe
 l - a +1 robe (worn)
 m - a +0 helmet
Jewellery
 c - a +4 amulet of reflection (around neck)
Scrolls
 e - 3 scrolls of teleportation
Comestibles
 d - 5 rations


   Skills:
 + Level 1.0 Fighting
 * Level 2.5 Dodging
 + Level 0.3 Stealth
 * Level 3.3 Unarmed Combat
 + Level 2.1 Spellcasting
 * Level 2.8 Transmutations


You had one spell level left.
You knew the following spells:

 Your Spells              Type           Power        Failure   Level  Hunger
a - Beastly Appendage     Tmut           ##....       6%          1    #......
b - Sticks to Snakes      Tmut           ##......     9%          2    ###....
c - Spider Form           Tmut/Pois      #.........   32%         3    ###....

Your spell library contained the following spells:

 Spells                   Type           Power        Failure   Level  Hunger
 Ice Form                 Ice/Tmut       #.......     71%         4    #####..
 Blade Hands              Tmut           ##........   86%         5    ######.


Dungeon Overview and Level Annotations

Branches:
Dungeon (3/15)

Annotations:
D:3 Grinder


Innate Abilities, Weirdness & Mutations

You have an increased reservoir of magic. (+10% MP)


Message History

Grinder blinks!
Grinder gestures at you. You resist with significant effort.
Casting: Sticks to Snakes (safe; 9% risk of failure)
Confirm with . or Enter, or press ? or * to list all spells.
You create a snake!
You now have 28 arrows.
Your ball python bites Grinder but does no damage.
Your ball python misses Grinder.
Your ball python bites Grinder but does no damage.
Your ball python barely misses Grinder.
The jackal bites your ball python.
Your ball python barely misses the jackal. x2
The orc hits your ball python with a +0 falchion.
Your ball python dies!
Grinder blinks!
You aren't carrying any potions.
As you read the scroll of teleportation, it crumbles to dust.
You feel strangely unstable.
Grinder blinks!
The orc priest calls down the wrath of Beogh upon you.
Beogh smites you!
You die...

*,* #......*
**,,,,***,*,*,* *,*
#......* *,,,,,',*,,,#.#
*,****#......##
*,,,,,*,*,,,#.#
,,*,,,'.......#
*,,,,,*,*,,,#.#
***,**#.......#
*,*****,,,*,#.# ,,,,*
#.....o.#
*,*********,#.#
******#######o#
*,,,,,,,,,,,#.#
,,,,,,,,*
#.###############.###
*******,*
#.#.@..[.........<..#
*,*
#.#h#############.#.#
#.* #o#.# #.#.# #.#
#o#.# ###.#.# #.# #o#5#
#..<).# #.# #.#o#
#.#...# #.# #h#.# ######
#.#.... #.# #.#o# #....#
#.#.#.#
#######.#####.#.###.####
#.#.#.#


You could see Grinder, an orc priest, an orc and a jackal.

Vanquished Creatures
  Jessica (D:2)
  An ooze (D:2)
  2 dart slugs (D:2)
  An orc (D:3)
  A giant cockroach (D:2)
  5 goblins
  4 hobgoblins
  6 jackals
  5 kobolds
  A ball python (D:1)
  5 bats
  2 frilled lizards (D:1)
  7 rats
41 creatures vanquished.

Vanquished Creatures (collateral kills)
  A hound (D:2)
  2 adders (D:2)
  An ooze (D:3)
  A hobgoblin (D:2)
  2 jackals (D:3)
  A bat (D:2)
8 creatures vanquished.

Grand Total: 49 creatures vanquished

Notes
Turn   | Place    | Note
-------+----------+-------------------------------------------
     0 | D:1      | Ender the Demigod Transmuter began the quest for the Orb.
     0 | D:1      | Reached XP level 1. HP: 15/15 MP: 5/5
   223 | D:1      | Reached skill level 1 in Fighting
   250 | D:1      | Reached skill level 3 in Unarmed Combat
   526 | D:1      | Reached XP level 2. HP: 23/23 MP: 2/7
   831 | D:1      | Learned a level 2 spell: Sticks to Snakes
  1763 | D:2      | Noticed Jessica
  1775 | D:2      | Killed Jessica
  1775 | D:2      | Reached XP level 3. HP: 21/28 MP: 1/8
  1995 | D:2      | Found a snail-covered altar of Cheibriados.
  2401 | D:2      | Reached XP level 4. HP: 33/35 MP: 2/9
  2606 | D:2      | Learned a level 3 spell: Spider Form
  2696 | D:2      | You fall into a shaft and drop 1 floor!
  2929 | D:3      | Noticed Grinder
  2950 | D:3      | Paralysed by Grinder for 5 turns
  2972 | D:3      | Paralysed by Grinder for 7 turns
  2990 | D:3      | Killed from afar by an orc priest

Levels and vault maps discovered:
D:1:      saegor_arrival_simple_d, layout_basic, corner_web_ring
D:2:      layout_basic, nicolae_overflow_crystal_walls, serial_corexii_hall,
          corexii_hall_statues_u, corexii_hall_statues_l,
          corexii_hall_statues_i, chequers_hall_statues_y,
          corexii_hall_statues_deadend, chequers_hall_statues_y, uniq_jessica
D:3:      layout_basic, lemuel_crystal_altar, eat_drink_and_be_merry_uskayaw,
          uniq_grinder

Skill      XL: |  1  2  3 |
---------------+----------+-----
Fighting       | 1 |  1.0
Unarmed Combat | 3 |  3.3
Transmutations | 2 |  2.8
Dodging        | 2 |  2.5
Spellcasting   | 2 |  2.1
Stealth        | |  0.3

Action                   |  1- 3 |  4- 6 || total
-------------------------+-------+-------++-------
Melee: Unarmed           |   115 |     6 ||   121
       Kick              |    11 |       ||    11
       Headbutt          |     8 |     1 ||     9
       Spear             |       |     3 ||     3
Throw: Stone             |     2 |       ||     2
 Cast: Beastly Appendage |    24 |     1 ||    25
       Sticks to Snakes  |    12 |     8 ||    20
       Spider Form       |       |     1 ||     1
  Use: Scroll            |     1 |     7 ||     8
       Potion            |     3 |     1 ||     4
 Stab: Sleeping          |     2 |       ||     2
  Eat: Ration            |     1 |     1 ||     2
       Chunk             |     2 |     1 ||     3
Armor: Robe              |    23 |       ||    23
Dodge: Dodged            |    86 |       ||    86
Block: Other             |    15 |     5 ||    20

Table legend:
 A = Non-vault XP
 B = Vault XP
 C = Vault XP percentage of total XP
 D = Non-vault monster count
 E = Vault monster count
 F = Vault count percentage of total count
                 A         B        C        D         E       F
            +---------+---------+-------+---------+---------+-------
      Total |     123 |      20 |  14.0 |      48 |       1 |   2.0
            +---------+---------+-------+---------+---------+-------
        D:1 |      33 |       0 |   0.0 |      22 |       0 |   0.0
        D:2 |      78 |      20 |  20.4 |      20 |       1 |   4.8
        D:3 |      12 |       0 |   0.0 |       6 |       0 |   0.0
            +---------+---------+-------+---------+---------+-------
